 Dungeon Crawl Stone Soup version 0.28.0-53-g5a82cb258f (webtiles) character file.

Game seed: 12174476703291981202

90 Qrupt the Skirmisher (level 4, -1/58 HPs)
             Began as a Palentonga Fighter on July 29, 2022.
             Slain by an orc
             ... wielding a +0 flail
              (6 damage)
             ... on level 3 of the Dungeon.
             The game lasted 00:02:27 (2447 turns).

Qrupt the Skirmisher (Palentonga Fighter)           Turns: 2447, Time: 00:02:27

Health: -1/58      AC:  6    Str: 22    XL:     4   Next: 32%
Magic:  4/4        EV:  7    Int:  8    God:
Gold:   79         SH:  4    Dex:  9    Spells: 3/3 levels left

rFire   . . .      SeeInvis +   a - +0 flail
rCold   . . .      Faith    .   c - +0 buckler
rNeg    . . .      Spirit   .   b - +0 scale mail
rPois   .          Reflect  .   (no helmet)
rElec   .          Harm     .   (no cloak)
rCorr   .          Rampage  .   (no gloves)
Will    .....                   (no barding)
Stlth   ..........              (no amulet)
HPRegen 0.19/turn               (no ring)
MPRegen 0.09/turn               (no ring)

@: berserking, very quick
A: large, rugged brown scales 3, see invisible, deformed body, roll 1, armoured
tail
a: Rolling Charge


You were on level 3 of the Dungeon.
You visited 1 branch of the dungeon, and saw 3 of its levels.

You collected 79 gold pieces.

Inventory:

Hand Weapons
 a - a +0 flail (weapon)
Armour
 b - a +0 scale mail (worn)
 c - a +0 buckler (worn)
Scrolls
 e - a scroll of holy word {unknown}
 g - a scroll of immolation {unknown}
 h - a scroll of brand weapon {unknown}
 k - a scroll of enchant weapon {unknown}
 m - a scroll of identify {unknown}
Potions
 d - 2 potions of might
 f - 2 potions of berserk rage
 i - a potion of magic {unknown}
 j - 2 potions of curing {unknown}
 l - a potion of mutation {unknown}


   Skills:
 + Level 3.7 Fighting
 + Level 2.6 Maces & Flails
 + Level 3.0 Armour
 + Level 0.2 Dodging
 + Level 0.4 Stealth
 + Level 2.8 Shields


You had 3 spell levels left.
You didn't know any spells.
Your spell library was empty.

Dungeon Overview and Level Annotations

Branches:
Dungeon (3/15)

Altars:


Innate Abilities, Weirdness & Mutations

You are completely covered in rugged brown scales. (AC +3, +7% HP)
You have supernaturally acute eyesight. (SInv)
Armour fits poorly on your strangely shaped body.
You can roll at nearby foes to attack.
You have a long armoured tail.


Message History

The jackal is severely wounded.
The jackal bites you but does no damage.
The jackal barely misses you.
You sock the jackal!
You kill the jackal!
You barely miss the orc. The orc hits you with a +0 flail.
The orc barely misses you.
You closely miss the orc. The orc hits you with a +0 flail.
A ball python comes into view.
You closely miss the orc. The orc hits you with a +0 flail.
You barely miss the orc. The orc hits you with a +0 flail.
The ball python closely misses you. The orc hits you but does no damage.
You hit the orc but do no damage. The ball python bites you.
The orc hits you with a +0 flail. The ball python barely misses you.
You are too injured to fight recklessly!
You are too injured to fight recklessly!
You are too injured to fight recklessly!
You are too injured to fight recklessly!
You are too injured to fight recklessly!
You are too injured to fight recklessly!
You are too injured to fight recklessly!
You barely miss the ball python.
The ball python bites you but does no damage.
The orc closely misses you.
You barely miss the ball python. The ball python completely misses you.
The orc hits you with a +0 flail!
* * * LOW HITPOINT WARNING * * *
The ball python bites you but does no damage.
The orc hits you with a +0 flail.
* * * LOW HITPOINT WARNING * * *
You hit the ball python.
You kill the ball python!
You block the orc's attack.
You see here a ball python corpse.
Okay, then.
It was a potion of berserk rage.
A red film seems to cover your vision as you go berserk!
You feel yourself moving faster!
You feel mighty! The orc hits you with a +0 flail.
You die...

#.######.# #.#..#.#.#
######.#....#.#
#.........#.#.#
#...........#.#
#........##.#.##
+.......<+.....###
########........##.####.#
................@oh.....#
#...##############.####.#
#...#<# #.# #†# #...#.#
#.# #h# #...#'## #.# #†#
.).....# #.# #.# .......#
#.# #.# .......# ... ...
#####+## ...#.


You could see an orc and a jackal.

Vanquished Creatures
  3 gnolls
  2 worms (D:2)
  2 dart slugs (D:1)
  6 ball pythons
  3 endoplasms
  2 giant cockroaches
  4 goblins
  2 hobgoblins (D:2)
  8 jackals
  3 kobolds
  A quokka (D:2)
  6 bats
  2 frilled lizards
  6 rats
50 creatures vanquished.

Notes
Turn   | Place    | Note
-------+----------+-------------------------------------------
     0 | D:1      | Qrupt the Palentonga Fighter began the quest for the Orb.
     0 | D:1      | Reached XP level 1. HP: 19/19 MP: 1/1
    88 | D:1      | Reached XP level 2. HP: 25/25 MP: 2/2
   776 | D:2      | Reached XP level 3. HP: 21/31 MP: 3/3
  1656 | D:1      | Reached XP level 4. HP: 20/37 MP: 4/4
  2447 | D:3      | Slain by an orc

Illustrated notes

Levels and vault maps discovered:
D:1:      minmay_arrival_nine_rooms, layout_rooms
D:2:      minmay_skewed_foursquare, layout_rooms, chequers_serial_rivers_marsh
D:3:      layout_basic, pf_guarded_unrand_woodcutter, uniq_robin

Skill      XL: |  1  2  3  4 |
---------------+-------------+-----
Armour         | 3 |  3.0
Fighting       | |  3.7
Maces & Flails | |  2.6
Dodging        | |  0.2
Stealth        | |  0.4
Shields        | |  2.8

Action                   |  1- 3 |  4- 6 || total
-------------------------+-------+-------++-------
Melee: Flail             |   104 |    68 ||   172
       Tailslap          |    12 |     4 ||    16
  Use: Potion            |       |     1 ||     1
 Stab: Sleeping          |     1 |       ||     1
Armor: Scale mail        |    64 |    49 ||   113
Dodge: Dodged            |    34 |    31 ||    65
Block: Buckler           |    28 |    14 ||    42
